 Seeded DCSS version 0.31-a0-325-g067879e3d3 (webtiles) character file.

Game seed: 14215367866634240820 (custom seed)

4 innerfire43 the Trooper (level 1, 0/18 HPs)
             Began as a Demonspawn Monk on July 18, 2023.
             Slain by a jackal (1 damage)
             ... on level 1 of the Dungeon.
             The game lasted 00:00:10 (49 turns).

innerfire43 the Trooper (Demonspawn Monk)             Turns: 49, Time: 00:00:11

Health: 0/18       AC:  2    Str: 11    XL:     1   Next: 58%
Magic:  1/1        EV: 12    Int: 11    God:
Gold:   7          SH:  0    Dex: 15    Spells: 0/0 levels left

rFire   . . .        a - +0 hand axe
rCold   . . .        d - orb {light}
rNeg    . . .        b - +0 robe
rPois   .            (no helmet)
rElec   .            (no cloak)
rCorr   .            (no gloves)
SInv    .            (no boots)
Will    .....        (no amulet)
Stlth   +            (no ring)
HPRegen 0.23/turn    (no ring)
MPRegen 0.07/turn

%: no passive effects
@: glowing
A: no striking features
a: no special abilities


You were on level 1 of the Dungeon.
You visited 1 branch of the dungeon, and saw 1 of its levels.

You collected 7 gold pieces.

Inventory:

Hand Weapons
 a - a +0 hand axe (weapon)
Armour
 b - a +0 robe (worn)
 d - an orb of light (worn)
Scrolls
 e - a scroll of enchant weapon {unknown}
Potions
 c - a potion of ambrosia


   Skills:
 - Level 3.0 Fighting
 * Level 3.0 Axes
 - Level 2.6 Dodging


You couldn't memorise any spells.
You didn't know any spells.
Your spell library was empty.

Dungeon Overview and Level Annotations

Branches:
Dungeon (1/15)

Altars:


Message History

You hit the goblin.
You kill the goblin!
You completely miss the quokka.
A jackal comes into view.
The quokka bites you. The jackal misses you. The quokka bites you.
You hit the quokka.
The quokka is heavily wounded.
You barely miss the jackal. The jackal closely misses you.
The quokka closely misses you. The jackal bites you.
You are too injured to fight recklessly!
You are too injured to fight recklessly!
The hobgoblin closely misses you.
A jackal comes into view.
The jackal bites you but does no damage.
Unknown command.
You hit the hobgoblin but do no damage. You hit the jackal. You hit the quokka.
You kill the quokka!
The jackal bites you. The hobgoblin hits you.
Your Axes skill increases to level 3!
You hit the hobgoblin but do no damage. You hit the jackal but do no damage.
The hobgoblin closely misses you. The jackal bites you.
Unknown command.
You hit the hobgoblin.
The hobgoblin is moderately wounded.
You barely miss the jackal. You hit the jackal but do no damage.
The jackal barely misses you. x2; The hobgoblin misses you.
The jackal barely misses you.
The jackal bites you but does no damage.
You slash the hobgoblin!
You kill the hobgoblin!
You hit the jackal but do no damage. You barely miss the jackal.
You hit the jackal but do no damage. The jackal bites you.
* * * LOW HITPOINT WARNING * * *
A goblin comes into view. It is wielding a +0 club.
The jackal bites you.
* * * LOW HITPOINT WARNING * * *
The jackal bites you.
* * * LOW HITPOINT WARNING * * *
The jackal bites you.
You die...

#.# ............
#.##............ . #
#....~~~~≈~≈~~~~ .. #.
#....≈≈≈~≈≈≈≈≈≈≈ [. #.
#...(~~≈≈≈≈≈≈≈≈≈
###g#.###....~≈≈#+#'#≈≈≈
......†h.....~≈≈+(..##'#
......hhh....≈≈≈+...#...
P.....#@##...~≈≈#'#'#.##
P.... #.##....~≈≈≈#...#.
..P. ..##..⌠..~≈~'.⌠.'.
♣.. ...##..⌠..≈~≈'.⌠.'.
♣. ....##....~≈≈≈#...#.
. ##...##...~~≈#+###.##
#........≈≈≈+ +...
....#....~≈≈+ ##+#
.......~~≈#


You could see 4 jackals and a goblin (wandering).

Vanquished Creatures
  A ball python (D:1)
  A goblin (D:1)
  A hobgoblin (D:1)
  A quokka (D:1)
  A rat (D:1)
5 creatures vanquished.

Notes
Turn   | Place    | Note
-------+----------+-------------------------------------------
     0 | D:1      | innerfire43 the Demonspawn Monk began the quest for the
                  | Orb.
     0 | D:1      | Reached XP level 1. HP: 18/18 MP: 1/1
    49 | D:1      | Slain by a jackal

Illustrated notes

Levels and vault maps discovered:
D:1:      dpeg_arrival_castle, layout_basic, serial_forest,
          infiniplex_forest_straight_2, infiniplex_forest_straight_3,
          infiniplex_forest_clump_double, infiniplex_forest_lined_1,
          infiniplex_forest_clump_small, infiniplex_forest_straight_2,
          infiniplex_forest_lined_3_way

Skill      XL: |  1 |
---------------+----+-----
Axes           | 3 |  3.0
Fighting       | |  3.0
Dodging        | |  2.6

Action                     || total
---------------------------++-------
  Melee: Hand axe          ||     8
 Armour: Robe              ||     2
  Dodge: Dodged            ||    12

Table legend: (Time is in decaauts)
 A = Elapsed time spent in this place.
 B = Non-inter-level travel time spent in this place.
 C = Inter-level travel time spent in this place.
 D = Time resting spent in this place.
 E = Time spent auto-exploring this place.
 F = Levels seen in this place.
 G = Mean time per level.
                   A        B        C        D        E       F      G
               +--------+--------+--------+--------+--------+-----+--------+
         Total |     51 |     51 |      0 |      0 |     36 |   1 |   51.0 |
       Dungeon |     51 |     51 |      0 |      0 |     36 |   1 |   51.0 |
               +--------+--------+--------+--------+--------+-----+--------+

Top non-repeatable levels by time:
     D:1: 51 daAuts
